cohdb
Replays
Latest Replays
All Replays
Popular Replays
Top Player Replays
Match Explorer
How It Works
Community
CoH3 Stats
Reddit
Sign in to upload your games and track your stats! →
Sign in with Steam
Match 42769003
Unlisted
Match 42769003
Overview
Messages
Build Orders
End
Royal Engineer Section
Selects Indian Artillery Battlegroup
Vickers Machine Gun Team
Selects War Cry
Vickers Machine Gun Team
Construct Field Infirmary
Construct Field Infirmary
Construct Section Command Post
Infantry Section
Selects Gurkha Rifles Section
Gurkha Rifles Section
Construct Platoon Command Post
Grenade Package
6-pounder Anti-tank Gun Team
Construct Company Command Post
Selects Artillery Saturation
Selects Off-map Airburst Barrage
Unlock M3 Grant Medium Tanks
M3 Grant Medium Tank
Selects BL5.5 Artillery Emplacement
Royal Engineer Section
Uncle Grandpa
Chillzz
BigTiddyLebron
kreumat
0
0
Comments
sign in to comment!
No comments posted yet!